 Dungeon Crawl Stone Soup version 0.29-a0-82-g837932c90e (webtiles) character file.

Game seed: 12955982403704253827

95 HallandMoats the Skirmisher (level 4, -17/40 HPs)
             Began as a Ghoul Monk on Feb 5, 2022.
             Killed by an exploding adder (24 damage)
             ... ignited by their inner flame
             ... on level 3 of the Dungeon.
             The game lasted 00:03:30 (2146 turns).

HallandMoats the Skirmisher (Ghoul Monk)            Turns: 2146, Time: 00:03:32

Health: -17/40     AC:  9    Str: 16    XL:     4   Next: 66%
Magic:  4/4        EV:  7    Int:  5    God:
Gold:   45         SH:  0    Dex: 11    Spells: 3/3 levels left

rFire   . . .      SeeInvis .     - Unarmed
rCold   + . .      Faith    .   (no shield)
rNeg    + + +      Spirit   .   i - +0 chain mail
rPois   ∞          Reflect  .   g - +0 helmet
rElec   .          Harm     .   (no cloak)
rCorr   .          Rampage  .   (no gloves)
Will    .....                   (no boots)
Stlth   ..........              (no amulet)
HPRegen 0.00/turn               (no ring)
MPRegen 0.09/turn               (no ring)

@: silenced, inhibited regen
A: claws 1, cold resistance 1, negative energy resistance 3, inhibited
regeneration, torment resistance 2
a: no special abilities


You were on level 3 of the Dungeon.
You visited 1 branch of the dungeon, and saw 3 of its levels.

You collected 45 gold pieces.

Inventory:

Hand Weapons
 b - a +0 short sword of electrocution
Armour
 d - a +0 buckler
 g - a +0 helmet (worn)
 i - a +0 chain mail (worn)
Scrolls
 c - a scroll of amnesia
 h - a scroll of teleportation {unknown}


   Skills:
 * Level 4.1 Fighting
 + Level 1.0 Armour
 + Level 3.0 Dodging
 - Level 2.1 Stealth
 * Level 4.1 Unarmed Combat
 + Level 1.5 Invocations


You had 3 spell levels left.
You didn't know any spells.
Your spell library contained the following spells:

 Spells                   Type           Power      Damage    Failure   Level
 Corpse Rot               Necr/Air       0%         N/A       100%        2
 Poisonous Vapours        Pois/Air       0%         N/A       100%        2


Dungeon Overview and Level Annotations

Branches:
Dungeon (3/15)

Altars:

Shops:
D:1 [   D:2 (


Innate Abilities, Weirdness & Mutations

You thrive by killing the living.
You are immune to poison.
You have sharp fingernails.
Your flesh is cold resistant. (rC+)
You are immune to negative energy. (rN+++)
You do not regenerate when monsters are visible.
You are immune to unholy pain and torment.


Message History

You are too injured to fight recklessly!
You are too injured to fight recklessly!
You are too injured to fight recklessly!
You are too injured to fight recklessly!
You are too injured to fight recklessly!
You are too injured to fight recklessly!
You are too injured to fight recklessly!
Unknown command.
The orc priest casts a cantrip, but nothing happens.
The adder bites you but does no damage.
The orc priest calls down the wrath of Beogh upon you.
Beogh smites you!
* * * LOW HITPOINT WARNING * * *
The adder barely misses you. The adder bites you but does no damage.
Okay, then.
The adder barely misses you.
As you read the scroll labelled MIWOANT LYM VEU, it crumbles to dust.
The creatures around you are filled with an inner flame!
It was a scroll of immolation.
The adder bites you.
* * * LOW HITPOINT WARNING * * *
Okay, then.
Unknown command.
You aren't carrying any potions.
As you read the scroll labelled YSIVOVV WOBAFFE, it crumbles to dust.
It is a scroll of identify.
c - a scroll of amnesia The adder bites you but does no damage.
As you read the scroll labelled YMIENAZO YBYZADWO, it crumbles to dust.
A profound silence engulfs you.
It was a scroll of silence.
The adder closely misses you. The adder bites you but does no damage.
You miss the adder. The adder barely misses you.
You scratch the adder.
Flame seeps out of the adder.
The adder is moderately wounded.
The adder is engulfed in blazing flames.
You feel better.
The adder explodes!
The fiery explosion engulfs you!!
Ouch! That really hurt!
You die...

..# #........# ..# #........#
..# #........# ..#
#........##.##### ###
#........##.....#########
#........######......(...
##########...###..w.o.....)...
#............###o###..........
#.............@○o# #.......$..
#..........####### #..........
###...........# #..).......
..............#.# #.w........
................# #..........
...#.###.######## ##.#.######
...#.....# !...# .........#
.#.#.# .........# ......


You could see an orc priest (inner flame), a dart slug and an orc (inner flame).

Vanquished Creatures
  Terence (D:2)
  3 adders
  4 worms (D:2)
  2 dart slugs (D:2)
  An orc (D:3)
  2 endoplasms
  2 giant cockroaches
  3 hobgoblins (D:2)
  A quokka (D:1)
  4 ball pythons
  5 bats
  3 frilled lizards
  3 kobolds
  5 rats
39 creatures vanquished.

Vanquished Creatures (others)
  A kobold (D:2)
1 creature vanquished.

Grand Total: 40 creatures vanquished

Notes
Turn   | Place    | Note
-------+----------+-------------------------------------------
     0 | D:1      | HallandMoats the Ghoul Monk began the quest for the Orb.
     0 | D:1      | Reached XP level 1. HP: 19/19 MP: 0/0
   196 | D:1      | Reached XP level 2. HP: 21/26 MP: 1/1
   411 | D:1      | Found Itzonn Zamm's Armour Boutique.
   443 | D:1      | Found a faded altar of an unknown god.
  1086 | D:2      | Reached XP level 3. HP: 30/31 MP: 2/2
  1386 | D:2      | Reached skill level 1 in Invocations
  1454 | D:2      | Found Nax Edd's Antique Weapon Boutique.
  1695 | D:2      | Noticed Terence
  1714 | D:2      | Killed Terence
  1715 | D:2      | Reached skill level 1 in Armour
  1715 | D:2      | Reached XP level 4. HP: 27/40 MP: 2/4
  2073 | D:3      | Identified the +0 robe of the Four Priests {rElec SInv}
  2146 | D:3      | Killed by an exploding adder... ignited by their inner
                  | flame

Illustrated notes

Levels and vault maps discovered:
D:1:      shiori_arrival_maze, layout_rooms, serial_shops, shop,
          hellmonk_ecumenical_altar_leap_of_faith,
          minmay_misc_feat_secret_circle, supply_closet_lemuel
D:2:      layout_basic, serial_glass, glass_columns_c, glass_columns_c,
          feat_on_display, serial_shops, nicolae_shop_statue_plus,
          grunt_decor_mini_mirrors, kennysheep_another_room,
          lemuel_old_faithful, uniq_terence
D:3:      layout_basic, marbit_many_paths, hex_medium, uniq_crazy_yiuf_cottage

Skill      XL: |  1  2  3 |
---------------+----------+-----
Invocations    | 1 |  1.5
Fighting       | 4 |  4.1
Armour         | 1 |  1.0
Dodging        | 3 |  3.0
Unarmed Combat | 4 |  4.1
Stealth        | |  2.1

Action                   |  1- 3 |  4- 6 || total
-------------------------+-------+-------++-------
Melee: Unarmed           |   123 |    15 ||   138
       Punch             |     2 |     1 ||     3
       Short sword       |       |     1 ||     1
  Use: Potion            |     1 |       ||     1
       Scroll            |       |     3 ||     3
 Stab: Sleeping          |     4 |       ||     4
       Invisible         |     2 |       ||     2
Armor: Robe              |    24 |       ||    24
       Chain mail        |       |    12 ||    12
Dodge: Dodged            |    61 |     7 ||    68

Table legend: (Time is in decaauts)
 A = Elapsed time spent in this place.
 B = Non-inter-level travel time spent in this place.
 C = Inter-level travel time spent in this place.
 D = Time resting spent in this place.
 E = Time spent auto-exploring this place.
 F = Levels seen in this place.
 G = Mean time per level.
                   A        B        C        D        E       F      G
               +--------+--------+--------+--------+--------+-----+--------+
         Total |   2137 |   2047 |     90 |     98 |   1572 |   3 |  712.3 |
       Dungeon |   2137 |   2047 |     90 |     98 |   1572 |   3 |  712.3 |
               +--------+--------+--------+--------+--------+-----+--------+

Top non-repeatable levels by time:
     D:2: 1242 daAuts
     D:1: 731 daAuts
     D:3: 163 daAuts
